| TOP OF THE 1ST |
|
Pittsburgh Pirates batting - Pitching for New York Mets : RHP Jeff Jank
|
|
Pitching: RHP Jeff Jank
|
|
|
Batting: RHB Chiel Palstermans
|
0-0: Ball 1-0: Ball 2-0: Foul Ball, location: 2F 2-1: Ball 3-1: Called Strike 3-2: Fly out, F3 (Popup, 3L, EV 57.5 MPH)
|
|
Batting: RHB Raul Mendoza
|
0-0: Called Strike 0-1: Swinging Strike 0-2: Fly out, F7 (Flyball, 7, EV 90.6 MPH)
|
|
Batting: LHB Micah Boshnjaku
|
0-0: Fly out, F7 (Line Drive, 7S, EV 103.8 MPH)
|
| Top of the 1st over - 0 runs, 0 hits, 0 errors, 0 left on base; Pittsburgh 0 - New York 0 |
| BOTTOM OF THE 1ST |
|
New York Mets batting - Pitching for Pittsburgh Pirates : RHP Josh Markham
|
|
Pitching: RHP Josh Markham
|
|
|
Batting: RHB Finn Ross
|
0-0: Foul Ball, location: 2F 0-1: Fly out, F8 (Flyball, 8LM, EV 76.2 MPH)
|
|
Batting: LHB Kevin Bellman
|
0-0: Ball 1-0: Foul Ball, location: 2F 1-1: Foul Ball, location: 2F 1-2: Strikes out looking
|
|
Batting: SHB Sean Cook
|
0-0: Ball 1-0: Called Strike 1-1: Foul Ball, location: 2F 1-2: Strikes out swinging
|
| Bottom of the 1st over - 0 runs, 0 hits, 0 errors, 0 left on base; Pittsburgh 0 - New York 0 |
| TOP OF THE 2ND |
|
Pittsburgh Pirates batting - Pitching for New York Mets : RHP Jeff Jank
|
|
Batting: RHB David Contreras
|
0-0: Fly out, F8 (Flyball, 89D, EV 80.6 MPH)
|
|
Batting: LHB Xavier Pittman
|
0-0: Ball 1-0: Fly out, F7 (Flyball, 7LS, EV 85.6 MPH)
|
|
Batting: LHB Chris Salim
|
0-0: Called Strike 0-1: Ball 1-1: TRIPLE (Line Drive, 89XD, EV 105.0 MPH)
|
|
Batting: RHB Andrew Robinson
|
0-0: Ball 1-0: Ball 2-0: Ground out 4-3 (Groundball, 4, EV 85.0 MPH)
|
| Top of the 2nd over - 0 runs, 1 hit, 0 errors, 1 left on base; Pittsburgh 0 - New York 0 |
| BOTTOM OF THE 2ND |
|
New York Mets batting - Pitching for Pittsburgh Pirates : RHP Josh Markham
|
|
Batting: SHB Roberto Magne
|
0-0: Called Strike 0-1: Ball 1-1: Foul Ball, location: 2F 1-2: Foul Ball, location: 2F 1-2: Ball 2-2: Fly out, F7 (Flyball, 7, EV 65.6 MPH)
|
|
Batting: RHB Billy Walker
|
0-0: Ball 1-0: Foul Ball, location: 2F 1-1: Swinging Strike 1-2: Strikes out looking
|
|
Batting: RHB Drtian Thaqi
|
0-0: Foul Ball, location: 2F 0-1: Ball 1-1: Called Strike 1-2: Ball 2-2: Fly out, F8 (Flyball, 8RD, EV 104.4 MPH)
|
| Bottom of the 2nd over - 0 runs, 0 hits, 0 errors, 0 left on base; Pittsburgh 0 - New York 0 |
| TOP OF THE 3RD |
|
Pittsburgh Pirates batting - Pitching for New York Mets : RHP Jeff Jank
|
|
Batting: RHB Jason Moss
|
0-0: Foul Ball, location: 2F 0-1: Ball 1-1: Ball 2-1: Ball 3-1: Ground out 3-1 (Groundball, 34, EV 80.6 MPH)
|
|
Batting: SHB Brad Day
|
0-0: Called Strike 0-1: Foul Ball, location: 2F 0-2: Ball 1-2: Ball 2-2: Ball 3-2: SINGLE (Groundball, 3D, EV 96.2 MPH)
|
|
Batting: RHB Chiel Palstermans
|
0-0: Ball 1-0: Foul Ball, location: 2F 1-1: Called Strike 1-2: Foul Ball, location: 2F 1-2: Ball 2-2: Ball 3-2: Fielders Choice at 2nd, 5-4 (Groundball, 56S, EV 88.1 MPH)
|
|
Batting: RHB Raul Mendoza
|
0-0: Ball 1-0: Ball 2-0: Called Strike 2-1: Fly out, F8 (Flyball, 8LM, EV 91.2 MPH)
|
| Top of the 3rd over - 0 runs, 1 hit, 0 errors, 1 left on base; Pittsburgh 0 - New York 0 |
| BOTTOM OF THE 3RD |
|
New York Mets batting - Pitching for Pittsburgh Pirates : RHP Josh Markham
|
|
Batting: LHB Fabiano Perrolas
|
0-0: Called Strike 0-1: Ball 1-1: Fly out, F8 (Flyball, 8LD, EV 93.8 MPH)
|
|
Batting: RHB Josh Jones
|
0-0: Called Strike 0-1: Ground out U3 (Groundball, 3, EV 83.1 MPH)
|
|
Batting: SHB Jason Larson
|
0-0: Called Strike 0-1: Ball 1-1: Called Strike 1-2: Foul Ball, location: 2F 1-2: Foul Ball, location: 2F 1-2: Fly out, F8 (Line Drive, 8RD, EV 97.5 MPH)
|
| Bottom of the 3rd over - 0 runs, 0 hits, 0 errors, 0 left on base; Pittsburgh 0 - New York 0 |
| TOP OF THE 4TH |
|
Pittsburgh Pirates batting - Pitching for New York Mets : RHP Jeff Jank
|
|
Batting: LHB Micah Boshnjaku
|
0-0: Called Strike 0-1: Ball 1-1: Ball 2-1: Called Strike 2-2: Fly out, F7 (Flyball, 7S, EV 86.2 MPH)
|
|
Batting: RHB David Contreras
|
0-0: Ball 1-0: Ball 2-0: Ball 3-0: Base on Balls
|
|
Batting: LHB Xavier Pittman
|
0-0: Ball 1-0: Ball 2-0: Ball 3-0: Called Strike 3-1: SINGLE (Groundball, 34D, EV 99.4 MPH) (infield hit) David Contreras to second
|
|
Batting: LHB Chris Salim
|
0-0: Foul Ball, location: 2F 0-1: Ball 1-1: Foul Ball, location: 2F 1-2: Ball 2-2: Ball 3-2: SINGLE (Groundball, 34D, EV 101.2 MPH) David Contreras to third Xavier Pittman to second Runner from 3rd tries for Home, SAFE, throw by RF to home
|
|
Batting: RHB Andrew Robinson
|
0-0: Ball 1-0: SINGLE (Groundball, 6, EV 95.6 MPH) Xavier Pittman to third Chris Salim to second
|
|
Batting: RHB Jason Moss
|
0-0: Ball 1-0: GRAND SLAM HOME RUN (Flyball, 7D, EV 104.4 MPH), Distance : 412 ft
|
|
Pitching: RHP David Anzaldua
|
|
|
Batting: SHB Brad Day
|
0-0: Foul Ball, location: 2F 0-1: Swinging Strike 0-2: Ball 1-2: Ball 2-2: Strikes out looking
|
|
Pinch Hitting: SHB Trevor Weareorwear
|
0-0: Ground out U3 (Groundball, 3, EV 105.6 MPH)
|
| Top of the 4th over - 5 runs, 4 hits, 0 errors, 0 left on base; Pittsburgh 5 - New York 0 |
| BOTTOM OF THE 4TH |
|
New York Mets batting - Pitching for Pittsburgh Pirates : RHP Josh Markham
|
|
Now at 3B: Trevor Weareorwear
|
|
|
Now at SS: David Contreras
|
|
|
Batting: RHB Finn Ross
|
0-0: Ball 1-0: Foul Ball, location: 2F 1-1: Swinging Strike 1-2: Strikes out swinging
|
|
Batting: LHB Kevin Bellman
|
0-0: Swinging Strike 0-1: Ball 1-1: Ball 2-1: Foul Ball, location: 2F 2-2: Foul Ball, location: 2F 2-2: Strikes out looking
|
|
Batting: SHB Sean Cook
|
0-0: Ball 1-0: Ball 2-0: Ball 3-0: Foul Ball, location: 2F 3-1: Base on Balls
|
|
Pitching: RHP Jeremy Parsnip
|
|
|
Batting: SHB Roberto Magne
|
0-0: Called Strike Sean Cook steals 2nd base 0-1: Foul Ball, location: 2F 0-2: Strikes out swinging, 2-3 out at first.
|
| Bottom of the 4th over - 0 runs, 0 hits, 0 errors, 1 left on base; Pittsburgh 5 - New York 0 |
| TOP OF THE 5TH |
|
Pittsburgh Pirates batting - Pitching for New York Mets : RHP David Anzaldua
|
|
Now at SS: Jason Larson
|
|
|
Now in LF: Mike Phillips
|
|
|
Batting: RHB Raul Mendoza
|
0-0: Called Strike 0-1: Ball 1-1: Ball 2-1: Foul Ball, location: 2F 2-2: Ball 3-2: Foul Ball, location: 2F 3-2: Base on Balls
|
|
Batting: LHB Micah Boshnjaku
|
0-0: Called Strike 0-1: Ball 1-1: Ball 2-1: Ball 3-1: Swinging Strike 3-2: SINGLE (Groundball, 3D, EV 100.0 MPH) Raul Mendoza to second Runner from 2nd tries for 3rd, SAFE, throw by RF made to third
|
|
Batting: RHB David Contreras
|
0-0: Ball 1-0: Ball 2-0: Ball 3-0: Base on Balls Micah Boshnjaku to second
|
|
Pinch Hitting: RHB Richard Barrios
|
0-0: Grounds into double play, 5-4-3 (Groundball, 56, EV 86.9 MPH) Raul Mendoza scores Micah Boshnjaku to third
|
|
Pinch Hitting: LHB Sammy Roddenberry
|
0-0: Ball 1-0: 2-RUN HOME RUN (Flyball, 9LD, EV 98.1 MPH), Distance : 355 ft
|
|
Batting: RHB Andrew Robinson
|
0-0: Fly out, F8 (Flyball, 8LM, EV 93.1 MPH)
|
| Top of the 5th over - 3 runs, 2 hits, 0 errors, 0 left on base; Pittsburgh 8 - New York 0 |
| BOTTOM OF THE 5TH |
|
New York Mets batting - Pitching for Pittsburgh Pirates : RHP Jeremy Parsnip
|
|
Now at C: Chris Pozzi
|
|
|
Now at 2B: Richard Barrios
|
|
|
Now at SS: Bubba Tierney
|
|
|
Now in LF: Micah Boshnjaku
|
|
|
Now in CF: Sammy Roddenberry
|
|
|
Batting: RHB Billy Walker
|
0-0: Ball 1-0: DOUBLE (Groundball, 3L, EV 104.4 MPH)
|
|
Batting: RHB Drtian Thaqi
|
0-0: Foul Ball, location: 2F 0-1: Ball 1-1: Called Strike 1-2: Ball 2-2: Foul Ball, location: 2F 2-2: SINGLE (Groundball, 6MD, EV 101.2 MPH) Billy Walker to third Runner from 3rd tries for Home, throw by CF and OUT! 8-2 Drtian Thaqi to second
|
|
Batting: LHB Fabiano Perrolas
|
0-0: Swinging Strike 0-1: Swinging Strike 0-2: SINGLE (Groundball, 15S, EV 76.2 MPH) (infield hit) Drtian Thaqi to third
|
|
Batting: RHB Josh Jones
|
0-0: Called Strike 0-1: Ball 1-1: Ball 2-1: Fielders Choice at 2nd, 6-4 (Groundball, 56, EV 110.0 MPH) Drtian Thaqi scores
|
|
Batting: SHB Jason Larson
|
0-0: Ground out 3-1 (Groundball, 34, EV 85.6 MPH)
|
| Bottom of the 5th over - 1 run, 3 hits, 0 errors, 1 left on base; Pittsburgh 8 - New York 1 |
| TOP OF THE 6TH |
|
Pittsburgh Pirates batting - Pitching for New York Mets : RHP David Anzaldua
|
|
Now at C: Nelson Powell
|
|
|
Now at 2B: Jordan Fairburn
|
|
|
Batting: RHB Jorge Severiano
|
0-0: Ball 1-0: Foul Ball, location: 2F 1-1: Reached on error, E6 (Line Drive, 6, EV 68.1 MPH)
|
|
Batting: RHB Chris Pozzi
|
0-0: Called Strike 0-1: Foul Ball, location: 2F 0-2: Strikes out looking
|
|
Batting: SHB Trevor Weareorwear
|
0-0: SINGLE (Groundball, 34D, EV 96.2 MPH) Jorge Severiano to second Runner from 2nd tries for 3rd, SAFE, throw by RF made to third
|
|
Pinch Runner at 3rd Marc Carter:
|
|
|
Pinch Hitting: LHB Jorge Quintana
|
0-0: Swinging Strike 0-1: Swinging Strike 0-2: Ball 1-2: Ball 2-2: Ball 3-2: Fly out, F8 (Flyball, 8LM, EV 92.5 MPH)
|
|
Pinch Hitting: SHB Marvin McAleer
|
0-0: Called Strike 0-1: Called Strike 0-2: Foul Ball, location: 2F 0-2: Ball 1-2: Foul Ball, location: 2F 1-2: 3-RUN HOME RUN (Flyball, 9LD, EV 93.1 MPH), Distance : 352 ft
|
|
Pitching: LHP Chris Thurner
|
|
|
Batting: RHB Bubba Tierney
|
0-0: Ground out 4-3 (Groundball, 4M, EV 81.9 MPH)
|
| Top of the 6th over - 3 runs, 2 hits, 1 error, 0 left on base; Pittsburgh 11 - New York 1 |
| BOTTOM OF THE 6TH |
|
New York Mets batting - Pitching for Pittsburgh Pirates : RHP Jeremy Parsnip
|
|
Now at 1B: Etsuro Hosokawa
|
|
|
Now in LF: Marvin McAleer
|
|
|
Now in RF: Jorge Quintana
|
|
|
Pinch Hitting: RHB Antonio Aranda
|
0-0: Called Strike 0-1: Ball 1-1: Ground out 6-3 (Groundball, 6, EV 83.1 MPH)
|
|
Pinch Hitting: SHB Nelle van den Berg
|
0-0: Called Strike 0-1: Foul Ball, location: 2F 0-2: Ball 1-2: Strikes out looking
|
|
Pinch Hitting: SHB Javy Rosa
|
0-0: DOUBLE (Line Drive, 7LS, EV 106.2 MPH)
|
|
Batting: RHB Mike Phillips
|
0-0: SINGLE (Line Drive, 6M, EV 109.4 MPH) Javy Rosa to third Runner from 3rd tries for Home, SAFE, throw by CF to home Mike Phillips to second
|
|
Batting: RHB Billy Walker
|
0-0: Foul Ball, location: 2F 0-1: Foul Ball, location: 2F 0-2: Foul Ball, location: 2F 0-2: Ball 1-2: Strikes out swinging
|
| Bottom of the 6th over - 1 run, 2 hits, 0 errors, 1 left on base; Pittsburgh 11 - New York 2 |
| BOTTOM OF THE 7TH |
|
New York Mets batting - Pitching for Pittsburgh Pirates : RHP Jeremy Parsnip
|
|
Pitching: LHP Marko Emchenko
|
|
|
Batting: SHB Nelson Powell
|
0-0: Foul Ball, location: 2F 0-1: Ground out 6-3 (Groundball, 6, EV 83.1 MPH)
|
|
Batting: RHB Jordan Fairburn
|
0-0: Ground out 5-3 (Groundball, 56, EV 83.1 MPH)
|
|
Batting: RHB Josh Jones
|
0-0: DOUBLE (Line Drive, 89XD, EV 100.0 MPH)
|
|
Batting: SHB Jason Larson
|
0-0: Ball 1-0: Swinging Strike 1-1: SINGLE (Groundball, 56D, EV 94.4 MPH) Josh Jones to third Runner from 3rd tries for Home, SAFE, throw by LF to home Jason Larson to second
|
|
Batting: RHB Antonio Aranda
|
0-0: Fly out, F9 (Flyball, 9, EV 81.2 MPH)
|
| Bottom of the 7th over - 1 run, 2 hits, 0 errors, 1 left on base; Pittsburgh 11 - New York 3 |
| TOP OF THE 8TH |
|
Pittsburgh Pirates batting - Pitching for New York Mets : LHP Chris Thurner
|
|
Pitching: RHP Robbie Beerbower
|
|
|
Batting: LHB Marc Carter
|
0-0: Called Strike 0-1: DOUBLE (Line Drive, 7LM, EV 95.0 MPH)
|
|
Batting: RHB Chris Pozzi
|
0-0: Ball 1-0: Ground out 5-3 (Groundball, 5S, EV 75.0 MPH) Marc Carter to third
|
|
Batting: SHB Trevor Weareorwear
|
0-0: Ball 1-0: Called Strike 1-1: Foul Ball, location: 2F 1-2: Strikes out swinging
|
|
Batting: LHB Jorge Quintana
|
0-0: Ball 1-0: Ball 2-0: Ball 3-0: Base on Balls
|
|
Batting: SHB Marvin McAleer
|
0-0: Called Strike 0-1: Called Strike 0-2: Ball 1-2: 3-RUN HOME RUN (Flyball, 9D, EV 99.4 MPH), Distance : 380 ft
|
|
Batting: RHB Bubba Tierney
|
0-0: Called Strike 0-1: Ball 1-1: DOUBLE (Groundball, 3L, EV 103.1 MPH)
|
|
Batting: RHB Richard Barrios
|
0-0: Fly out, F7 (Line Drive, 78S, EV 94.4 MPH)
|
| Top of the 8th over - 3 runs, 3 hits, 0 errors, 1 left on base; Pittsburgh 14 - New York 3 |
| BOTTOM OF THE 8TH |
|
New York Mets batting - Pitching for Pittsburgh Pirates : LHP Marko Emchenko
|
|
Batting: SHB Nelle van den Berg
|
0-0: Foul Ball, location: 2F 0-1: Swinging Strike 0-2: Ball 1-2: DOUBLE (Line Drive, 89M, EV 98.8 MPH)
|
|
Batting: SHB Javy Rosa
|
0-0: Ball 1-0: Ball 2-0: Ball 3-0: Called Strike 3-1: Fly out, F2 (Popup, 23F, EV 90.0 MPH)
|
|
Batting: RHB Mike Phillips
|
0-0: Ball 1-0: Ball 2-0: Swinging Strike 2-1: Foul Ball, location: 2F 2-2: DOUBLE (Line Drive, 7LM, EV 90.6 MPH) Nelle van den Berg scores
|
|
Batting: RHB Billy Walker
|
0-0: Called Strike 0-1: Ball 1-1: Foul Ball, location: 2F 1-2: Ball 2-2: Foul Ball, location: 2F 2-2: Fly out, F8 (Flyball, 8LS, EV 77.5 MPH)
|
|
Batting: SHB Nelson Powell
|
0-0: Ball 1-0: Ball 2-0: Ball 3-0: Called Strike 3-1: Ground out 5-3 (Groundball, 56, EV 79.4 MPH)
|
| Bottom of the 8th over - 1 run, 2 hits, 0 errors, 1 left on base; Pittsburgh 14 - New York 4 |
| TOP OF THE 9TH |
|
Pittsburgh Pirates batting - Pitching for New York Mets : RHP Robbie Beerbower
|
|
Pitching: RHP Marc Maniu
|
|
|
Batting: LHB Sammy Roddenberry
|
0-0: Ball 1-0: Called Strike 1-1: Ball 2-1: Called Strike 2-2: Foul Ball, location: 2F 2-2: Ground out 6-3 (Groundball, 56D, EV 103.8 MPH)
|
|
Batting: RHB Etsuro Hosokawa
|
0-0: Ball 1-0: Foul Ball, location: 2F 1-1: Called Strike 1-2: Ball 2-2: Ball 3-2: Base on Balls
|
|
Batting: LHB Marc Carter
|
0-0: Ball 1-0: Ball 2-0: Fielders Choice at 2nd, 3-6 (Groundball, 34S, EV 83.1 MPH)
|
|
Batting: RHB Chris Pozzi
|
0-0: Called Strike 0-1: Ball 1-1: Ball 2-1: Ball 3-1: SINGLE (Line Drive, 6MD, EV 99.4 MPH) Marc Carter to second Runner from 2nd tries for 3rd, SAFE, throw by CF made to third
|
|
Batting: SHB Trevor Weareorwear
|
0-0: Foul Ball, location: 2F 0-1: Swinging Strike 0-2: Strikes out swinging
|
| Top of the 9th over - 0 runs, 1 hit, 0 errors, 2 left on base; Pittsburgh 14 - New York 4 |
| BOTTOM OF THE 9TH |
|
New York Mets batting - Pitching for Pittsburgh Pirates : LHP Marko Emchenko
|
|
Pitching: LHP Jimmy Vanthournoutingtonle
|
|
|
Batting: RHB Jordan Fairburn
|
0-0: Ball 1-0: SINGLE (Line Drive, 78S, EV 90.6 MPH)
|
|
Batting: RHB Josh Jones
|
0-0: Called Strike 0-1: Fly out, F9 (Flyball, 9, EV 96.9 MPH)
|
|
Batting: SHB Jason Larson
|
0-0: Ball 1-0: Called Strike 1-1: Ball 2-1: Ball 3-1: Base on Balls Jordan Fairburn to second
|
|
Batting: RHB Antonio Aranda
|
0-0: Ball 1-0: Foul Ball, location: 2F 1-1: Ball Wild Pitch! Jordan Fairburn to third Jason Larson to second 2-1: Foul Ball, location: 2F 2-2: 3-RUN HOME RUN (Line Drive, 7LD, EV 96.9 MPH), Distance : 377 ft
|
|
Batting: SHB Nelle van den Berg
|
0-0: Ball 1-0: Called Strike 1-1: Ball 2-1: Called Strike 2-2: Foul Ball, location: 2F 2-2: Ball 3-2: Strikes out looking
|
|
Batting: SHB Javy Rosa
|
0-0: Ball 1-0: Ground out 4-3 (Groundball, 4, EV 78.8 MPH)
|
| Bottom of the 9th over - 3 runs, 2 hits, 0 errors, 0 left on base; Pittsburgh 14 - New York 7 |
|